 Dungeon Crawl Stone Soup version 0.19.1-1-g22dce08 (webtiles) character file.

434 ponk the Cudgeler (level 6, -10/55 HPs)
             Began as a Deep Dwarf Fighter on Jan 15, 2017.
             Was an Initiate of Okawaru.
             Mangled by a polar bear (17 damage)
             ... created by the rage of Trog
             ... on level 5 of the Dungeon.
             The game lasted 00:12:03 (2703 turns).

ponk the Cudgeler (Deep Dwarf Fighter)              Turns: 2703, Time: 00:12:04

Health: -10/55     AC: 11    Str: 21    XL:     6   Next: 68%
Magic:  5/5        EV:  3    Int:  9    God:    Okawaru [......]
Gold:   189        SH: 14    Dex: 12    Spells: 0 memorised, 5 levels left

rFire  + . .     SeeInvis .     a - +0 flail
rCold  x . .     Gourm    .     o - +0 plate armour
rNeg   . . .     Faith    .     c - +0 shield
rPois  .         Spirit   .     (no helmet)
rElec  .         Reflect  +     (no cloak)
rCorr  .         Harm     .     (no gloves)
MR     .....                    j - +0 pair of boots {Fly}
Stlth  ..........               z - +6 amulet of reflection
                                (no ring)
                                p - ring of fire

@: flying, non-regenerating, heavily drained
A: damage resistance, recharge devices, sense surroundings 1, slow regeneration
3
a: Device Recharging, Renounce Religion, Stop Flying


You were on level 5 of the Dungeon.
You worshipped Okawaru.
Okawaru was noncommittal.
You were hungry.

You visited 2 branches of the dungeon, and saw 6 of its levels.

You collected 189 gold pieces.

Inventory:

Hand Weapons
 a - a +0 flail (weapon)
Missiles
 q - 13 tomahawks (quivered)
 s - 2 poisoned javelins
 u - 14 poisoned needles
 y - 5 javelins
Armour
 c - a +0 shield (worn)
 j - a +0 pair of boots of flying (worn)
 o - a +0 plate armour (worn)
Jewellery
 l - an uncursed amulet of harm
 p - a ring of fire (left hand)
 z - a +6 amulet of reflection (around neck)
 C - an uncursed amulet of guardian spirit {unknown}
Wands
 e - a wand of heal wounds (2/9)
 B - a wand of iceblast (5/15)
Scrolls
 t - 2 scrolls of random uselessness {unknown}
 w - a scroll of magic mapping {unknown}
Potions
 b - a potion of flight {unknown}
 d - a potion of might
 g - a potion of haste
 h - a potion of heal wounds
 k - a potion of resistance {unknown}
 n - a potion of ambrosia {unknown}
 r - 2 potions of curing
 v - a potion of brilliance {unknown}
 A - a potion of cure mutation {unknown}
Books
 x - a book of Necromancy

   Spells                             Type                      Level
   a - Pain                           Necromancy                   1
   b - Animate Skeleton               Necromancy                   1
   c - Vampiric Draining              Necromancy                   3
   d - Regeneration                   Charms/Necromancy            3
   e - Animate Dead                   Necromancy                   4
   f - Control Undead                 Necromancy                   4
Comestibles
 f - 2 bread rations
 i - a meat ration
 m - a royal jelly
 D - a beef jerky
 E - a chunk of flesh


   Skills:
 - Level 2.6(1.3) Fighting
 + Level 7.3(5.7) Maces & Flails
 - Level 3.2(1.8) Armour
 - Level 3.2(1.8) Shields


You had 5 spell levels left.
You didn't know any spells.

Dungeon Overview and Level Annotations

Branches:
Dungeon (5/15)             Temple (1/1) D:5

Altars:
Ashenzari
Cheibriados
Dithmenos
Elyvilon
Fedhas
Gozag
Kikubaaqudgha
Makhleb
Nemelex Xobeh
Okawaru
Qazlal
Sif Muna
Trog
Vehumet
Yredelemnul
Zin


Innate Abilities, Weirdness & Mutations

You are resistant to damage.
You can recharge devices by infusing magical energy.
You passively map a small area around you.
You do not regenerate.


Message History

The black bear is almost dead.
The black bear bites you! You block the black bear's attack. x2
The polar bear bites you.
* * * LOW HITPOINT WARNING * * *
The polar bear claws you.
* * * LOW HITPOINT WARNING * * *
The polar bear barely misses you.
The black bear rages.
The black bear barely misses you. You block the black bear's attack. x2
The polar bear completely misses you.
The polar bear claws you but does no damage.
The polar bear claws you.
* * * LOW HITPOINT WARNING * * *
You hit the black bear but do no damage.
The black bear is almost dead.
The black bear bites you. The black bear claws you.
* * * LOW HITPOINT WARNING * * *
You block the black bear's attack. You block the polar bear's attack. x3
The polar bear bites you!!
You die...

##############
#....hh@hh.<.# ##
###.##########.#
#. ,...# #.# #.#
#..# #.# #.# #..#
#.#
###.###..#######
#.#
**#..............#
#.#
...#..........#.#
#.# #..###.#.#.#.#
#.#


You could see a polar bear (berserk) and 3 black bears.

Vanquished Creatures
  Duvessa (D:5)
  Dowan (D:5)
  A scorpion (D:5)
  The ghost of Trampli the Ruffian, a weakling TrMo (D:3)
  A crimson imp (D:5)
  2 worker ants (D:5)
  An adder (D:3)
  A shadow imp (D:5)
  An adder skeleton (D:4)
  4 worms
  3 dart slugs
  3 leopard geckos
  6 bats
  3 giant cockroaches
  9 goblins
  6 hobgoblins
  5 jackals
  A quokka (D:3)
  5 frilled lizards
  5 kobolds
  6 rats (D:1)
66 creatures vanquished.

Notes
Turn   | Place    | Note
-------+----------+-------------------------------------------
     0 | D:1      | ponk the Deep Dwarf Fighter began the quest for the Orb.
     0 | D:1      | Reached XP level 1. HP: 20/20 MP: 1/1
   141 | D:1      | Reached XP level 2. HP: 24/27 MP: 2/2
   257 | D:1      | Reached skill level 3 in Maces & Flails
   477 | D:1      | Reached XP level 3. HP: 24/33 MP: 3/3
  1066 | D:3      | Reached skill level 4 in Maces & Flails
  1243 | D:3      | Noticed Trampli's ghost (weakling TrMo)
  1260 | D:3      | Killed Trampli's ghost
  1260 | D:3      | Reached XP level 4. HP: 13/40 MP: 4/4
  1455 | D:3      | Found a sparkling altar of Nemelex Xobeh.
  1488 | D:3      | Reached skill level 5 in Maces & Flails
  1778 | D:3      | Found a snail-covered altar of Cheibriados.
  2141 | D:4      | Reached XP level 5. HP: 41/46 MP: 5/5
  2300 | D:5      | Entered Level 5 of the Dungeon
  2356 | D:5      | Noticed Duvessa
  2357 | D:5      | Noticed Dowan
  2379 | D:5      | Killed Duvessa
  2379 | D:5      | Reached skill level 6 in Maces & Flails
  2402 | D:5      | Reached XP level 6. HP: 36/55 MP: 6/6
  2419 | D:5      | Killed Dowan
  2419 | D:5      | Reached skill level 7 in Maces & Flails
  2494 | D:5      | Found a staircase to the Ecumenical Temple.
  2536 | Temple   | Entered the Ecumenical Temple
  2542 | Temple   | Became a worshipper of Trog the Wrathful
  2591 | Temple   | Fell from the grace of Trog
  2591 | Temple   | Became a worshipper of Warmaster Okawaru
  2691 | D:5      | Noticed a polar bear
  2703 | D:5      | Mangled by a polar bear

Skill      XL: |  1  2  3  4  5  6 |
---------------+-------------------+-----
Maces & Flails | 3 4 5 6 7 |  7.3
Fighting       | |  2.6
Armour         | |  3.2
Shields        | |  3.2

Action                   |  1- 3 |  4- 6 || total
-------------------------+-------+-------++-------
Melee: Flail             |   166 |   180 ||   346
Throw: Tomahawk          |     4 |       ||     4
 Abil: Device Recharging |       |     1 ||     1
Evoke: Wand              |       |     9 ||     9
  Use: Scroll            |     5 |     3 ||     8
  Eat: Chunk             |     1 |     5 ||     6
Armor: Scale mail        |    72 |       ||    72
       Plate armour      |    13 |   136 ||   149
Dodge: Dodged            |    49 |    31 ||    80
Block: Shield            |   101 |   117 ||   218
